 Dungeon Crawl Stone Soup version 0.25-a0-1133-g93ebf739aa (webtiles) character file.

Game seed: 11812147693623678033, levelgen mode: deterministic

2678 Hopman the Cleaver (level 9, -2/82 HPs)
             Began as a Hill Orc Fighter on May 22, 2020.
             Was a Follower of Makhleb.
             Slain by an orc knight
             ... wielding a +0 war axe
              (11 damage)
             ... in a bailey.
             The game lasted 00:19:43 (7570 turns).

Hopman the Cleaver (Hill Orc Fighter)               Turns: 7570, Time: 00:19:44

Health: -2/82      AC: 10    Str: 28    XL:     9   Next: 64%
Magic:  11/11      EV:  8    Int:  8    God:    Makhleb [*.....]
Gold:   382        SH: 11    Dex: 10    Spells: 8/8 levels left

rFire    . . .     SeeInvis .   a - +6 war axe
rCold    . . .     Gourm    .   c - +0 kite shield
rNeg     . . .     Faith    .   d - +0 scale mail
rPois    .         Spirit   .   o - +1 helmet
rElec    .         Reflect  .   (no cloak)
rCorr    .         Harm     .   (no gloves)
MR       .....                  (no boots)
Stlth    ..........             (no amulet)
HPRegen  0.23/turn              r - +6 ring of strength
MPRegen  0.12/turn              (no ring)

@: no status effects
A: no striking features
a: Renounce Religion


You were in a bailey.
You worshipped Makhleb.
Makhleb was aware of your devotion.
You were not hungry.

You visited 1 branch of the dungeon, and saw 7 of its levels.
You also visited: Bailey.

You collected 382 gold pieces.

Inventory:

Hand Weapons
 a - a +6 war axe (weapon)
 b - the +6 spear of Misery {vorpal, rPois rC- MR+ Dex+4 SInv}
   (You found it in a bailey)

   It inflicts extra damage upon your enemies.
   It affects your dexterity (+4).
   It makes you vulnerable to cold.
   It protects you from poison.
   It affects your resistance to hostile enchantments.
   It lets you see invisible.
Armour
 c - a +0 kite shield (worn)
 d - a +0 scale mail (worn)
 o - a +1 helmet (worn)
Jewellery
 r - a +6 ring of strength (left hand)
Scrolls
 e - 4 scrolls of remove curse
 h - 2 scrolls of teleportation
 i - 2 scrolls of enchant armour
 k - 2 scrolls of identify
 n - 3 scrolls of blinking
Potions
 g - 2 potions of stabbing
 j - a potion of brilliance
 m - a potion of mutation
 q - a potion of flight
Comestibles
 f - 7 rations
 p - 10 chunks of flesh


   Skills:
 * Level 8.3 Fighting
 * Level 8.7 Axes
 * Level 0.0(4.4) Polearms
 + Level 7.6 Armour
 * Level 7.6 Shields
 + Level 3.4 Invocations


You had 8 spell levels left.
You didn't know any spells.
Your spell library contained the following spells:

 Spells                   Type           Power        Failure   Level  Hunger
 Animate Skeleton         Necr           N/A          92%         1    ##.....
 Apportation              Tloc           #.....       92%         1    ##.....
 Corona                   Hex            #......      92%         1    ##.....
 Magic Dart               Conj           #...         92%         1    ##.....
 Summon Small Mammal      Summ           #...         92%         1    ##.....
 Blink                    Tloc           N/A          98%         2    ###....
 Call Imp                 Summ           #.......     98%         2    ###....
 Slow                     Hex            #.......     98%         2    ###....
 Confusing Touch          Hex            #.......     100%        3    ####...
 Conjure Flame            Conj/Fire      #.......     100%        3    ####...
 Gell's Gravitas          Tloc           #.........   100%        3    ####...
 Mephitic Cloud           Conj/Pois/Air  #.......     100%        3    ####...
 Petrify                  Tmut/Erth      #.......     100%        4    #####..
 Metabolic Englaciation   Hex/Ice        #.........   100%        5    ######.
 Yara's Violent Unravell  Hex/Tmut       #.........   100%        5    ######.


Dungeon Overview and Level Annotations

Branches:
Dungeon (7/15)             Temple (0/1) D:6          Bailey (1/1)

Altars:
Kikubaaqudgha
Makhleb
Nemelex Xobeh
Qazlal
Sif Muna
Trog
Wu Jian


Message History

The orc knight barely misses you.
You feel better.
The orc knight hits you with a +0 war axe!
You hit the orc knight but do no damage.
The orc knight is heavily wounded.
You hit the orc knight.
The orc knight is severely wounded.
The orc knight hits you with a +0 war axe!
* * * LOW HITPOINT WARNING * * *
You hit the orc knight but do no damage.
The orc knight is severely wounded.
The orc knight hits you with a +0 war axe!
* * * LOW HITPOINT WARNING * * *
You feel better.
The orc knight hits you with a +0 war axe.
* * * LOW HITPOINT WARNING * * *
You barely miss the orc knight.
The orc knight is severely wounded.
The orc knight hits you with a +0 war axe!
You die...

≈≈≈≈≈≈≈.##)#...........#
≈≈≈≈≈≈≈.'.)......_......
≈≈≈≈≈≈≈.#.8.............
≈≈≈≈≈≈≈.#...............
≈≈≈≈≈≈≈.#.8)###########.
≈≈≈≈≈≈≈.#..)..#######...
≈≈≈≈≈≈≈.#.8...#.....#...
≈≈≈≈≈≈≈.#.....#.....#...
≈≈≈≈≈≈#@####..#..⌠..#..#
≈≈≈≈≈≈#)o..#..'.....'..#
≈≈≈≈≈≈#....#..'.))).'..#
≈≈≈≈≈≈###..#####)''#####
≈≈≈≈≈ ..#...........#
≈≈≈≈ ###≈≈≈≈...≈≈≈≈#
≈≈≈≈≈≈≈...≈≈≈≈≈
≈≈≈≈≈≈≈...≈≈≈≈≈
≈≈≈≈≈≈≈...≈≈≈≈≈


You could see an orc knight.

Vanquished Creatures
  2 kobold demonologists (Bailey)
  Grinder (D:4)
  Sigmund (D:5)
  An ice beast (D:3)
  4 orc warriors
  2 ogres (D:4)
  Blork the orc (D:6)
  2 bullfrogs (D:6)
  An electric eel (Bailey)
  A howler monkey (D:6)
  A bullfrog zombie (D:6)
  2 hounds (D:4)
  A jelly (D:2)
  3 orc priests
  3 orc wizards (D:5)
  Terence (D:2)
  2 iguanas
  Natasha (twice) (D:2)
  5 worker ants
  A hound zombie (D:6)
  8 gnolls (Bailey)
  9 adders
  A shadow imp (D:5)
  9 oozes (D:2)
  An adder skeleton (D:5)
  A worm (D:3)
  6 leopard geckos
  16 orcs
  7 bats
  4 giant cockroaches
  12 goblins
  8 hobgoblins
  11 jackals
  2 ball pythons (D:1)
  8 frilled lizards
  14 kobolds
  6 rats
160 creatures vanquished.

Vanquished Creatures (others)
  A goblin (D:3)
  2 fungi (D:2)
  7 toadstools (D:2)
10 creatures vanquished.

Grand Total: 170 creatures vanquished

Notes
Turn   | Place    | Note
-------+----------+-------------------------------------------
     0 | D:1      | Hopman the Hill Orc Fighter began the quest for the Orb.
     0 | D:1      | Reached XP level 1. HP: 19/19 MP: 1/1
   312 | D:1      | Reached XP level 2. HP: 24/27 MP: 2/2
   740 | D:1      | Reached XP level 3. HP: 31/33 MP: 3/3
  1103 | D:1      | You fall into a shaft and drop 1 floor!
  1104 | D:2      | Found an ornate altar of the Wu Jian Council.
  1561 | D:2      | Found a bloodstained altar of Trog.
  1562 | D:2      | Noticed Terence
  1570 | D:2      | Killed Terence
  1570 | D:2      | Reached XP level 4. HP: 25/41 MP: 4/4
  2066 | D:2      | Noticed Natasha
  2072 | D:2      | Killed Natasha
  2072 | D:2      | Reached XP level 5. HP: 47/47 MP: 5/5
  2089 | D:2      | Noticed Natasha
  2096 | D:2      | Killed Natasha
  2303 | D:2      | Reached skill level 5 in Fighting
  2304 | D:2      | Reached XP level 6. HP: 49/56 MP: 6/6
  2786 | D:3      | Found a burning altar of Makhleb.
  2798 | D:3      | Became a worshipper of Makhleb the Destroyer
  3007 | D:3      | Noticed an ice beast
  3025 | D:3      | Killed an ice beast
  3025 | D:3      | Reached skill level 5 in Axes
  3275 | D:4      | Reached skill level 5 in Armour
  3275 | D:4      | Reached skill level 5 in Shields
  3279 | D:4      | Reached XP level 7. HP: 53/61 MP: 7/7
  3671 | D:4      | Found a stormy altar of Qazlal.
  3689 | D:4      | Noticed Grinder
  3705 | D:4      | Paralysed by Grinder for 2 turns
  3709 | D:4      | Killed Grinder
  3991 | D:4      | Reached XP level 8. HP: 39/71 MP: 8/8
  4907 | D:5      | Entered Level 5 of the Dungeon
  4939 | D:5      | Noticed Sigmund
  5769 | D:5      | Killed Sigmund
  6144 | D:6      | Found a staircase to the Ecumenical Temple.
  6476 | D:6      | Reached * piety under Makhleb
  6655 | D:6      | Reached XP level 9. HP: 74/79 MP: 9/9
  6772 | D:6      | Noticed Blork the orc
  6778 | D:6      | Found a shimmering blue altar of Sif Muna.
  6800 | D:6      | Killed Blork the orc
  6935 | D:7      | Found a sparkling altar of Nemelex Xobeh.
  6957 | D:7      | Found an ancient bone altar of Kikubaaqudgha.
  6985 | D:7      | Found a flagged portal.
  6994 | Bailey   | Entered a bailey
  7012 | Bailey   | Reached skill level 1 in Invocations
  7249 | Bailey   | Found an iron altar of Okawaru.
  7249 | Bailey   | Noticed a kobold demonologist
  7249 | Bailey   | Noticed a kobold demonologist
  7260 | Bailey   | Noticed a rust devil
  7273 | Bailey   | Killed a kobold demonologist
  7273 | Bailey   | Noticed an orange demon
  7278 | Bailey   | Killed a kobold demonologist
  7497 | Bailey   | Got a crystal spear
  7498 | Bailey   | Identified the +6 spear of Misery {vorpal, rPois rC- MR+
                  | Dex+4 SInv} (You found it in a bailey)
  7550 | Bailey   | Noticed an orc knight
  7570 | Bailey   | Slain by an orc knight

Illustrated notes

Levels and vault maps discovered:
D:1:      shiori_arrival_oz, layout_basic, wander_ebering_terrifying_dragon_lair
D:2:      cheibrodos_fertilizer, layout_loops_ring, lemuel_crystal_altar,
          lemuel_round_altar, minmay_hexomino_f4, uniq_natasha, uniq_terence
D:3:      layout_basic, marbit_many_paths, chequers_serial_rivers_room_b,
          lemuel_old_faithful
D:4:      layout_layer_cave, nicolae_qazlal_general_emergency, first_ration,
          uniq_grinder
D:5:      layout_gridville, kennysheep_dice, uniq_sigmund
D:6:      layout_rooms, tgw_sif, minmay_temple_entry_crystal_x
D:7:      layout_loops_ring, nicolae_overflow_crystal_walls,
          nemelex_xobeh_ov_fountains_minmay, kiku_gazebo_pond_becter,
          enter_bailey_2
Bailey:   bailey_axe_of_yendor_kennysheep, bailey

Skill      XL: |  1  2  3  4  5  6  7  8  9 |
---------------+----------------------------+-----
Axes           | 3 4 5 6 7 8 |  8.7
Fighting       | 4 5 6 7 8 |  8.3
Armour         | 4 5 6 7 |  7.6
Shields        | 4 5 6 7 |  7.6
Invocations    | 3 |  3.4

Action                   |  1- 3 |  4- 6 |  7- 9 || total
-------------------------+-------+-------+-------++-------
Melee: War axe           |   136 |   149 |   234 ||   519
  Use: Potion            |     1 |       |     6 ||     7
       Scroll            |       |     3 |    21 ||    24
  Eat: Chunk             |     2 |     3 |     6 ||    11
       Ration            |       |     1 |     3 ||     4
Armor: Scale mail        |    82 |    78 |    73 ||   233
Dodge: Dodged            |    50 |    57 |    63 ||   170
Block: Kite shield       |    86 |    96 |   121 ||   303

Table legend:
 A = Non-vault XP
 B = Vault XP
 C = Vault XP percentage of total XP
 D = Non-vault monster count
 E = Vault monster count
 F = Vault count percentage of total count
                 A         B        C        D         E       F
            +---------+---------+-------+---------+---------+-------
      Total |    1674 |    2152 |  56.2 |      97 |      63 |  39.4
            +---------+---------+-------+---------+---------+-------
        D:1 |      48 |       7 |  12.7 |      30 |       3 |   9.1
        D:2 |     106 |     190 |  64.2 |      17 |      21 |  55.3
        D:3 |     210 |       5 |   2.3 |      12 |       1 |   7.7
        D:4 |     509 |     272 |  34.8 |      14 |       1 |   6.7
        D:5 |     227 |     223 |  49.6 |      11 |       3 |  21.4
        D:6 |     574 |      94 |  14.1 |      13 |       1 |   7.1
     Bailey |       0 |    1361 | 100.0 |       0 |      33 | 100.0
            +---------+---------+-------+---------+---------+-------
